 Dungeon Crawl Stone Soup version 0.20.1-1-g8b1a95d66d (webtiles) character file.

35 NullDivider the Digger (level 3, -11/21 HPs)
             Began as an Octopode Earth Elementalist on Nov 14, 2017.
             Mangled by Sigmund
             ... wielding a +0 scythe
              (14 damage)
             ... on level 2 of the Dungeon.
             The game lasted 00:07:42 (1552 turns).

NullDivider the Digger (OpEE)                       Turns: 1552, Time: 00:07:44

Health: -11/21     AC:  1    Str:  7    XL:     3   Next: 33%
Magic:  3/6        EV: 13    Int: 18    God:
Gold:   43         SH:  0    Dex: 12    Spells: 5/6 levels left

rFire    . . .     SeeInvis .   (no weapon)
rCold    . . .     Gourm    .   (no shield)
rNeg     . . .     Faith    .   (helmet restricted)
rPois    .         Spirit   .   (no amulet)
rElec    .         Reflect  .   (no ring)
rCorr    .         Harm     .   (no ring)
MR       .....                  (no ring)
Stlth    ++........             (no ring)
Regen    0.1/turn               (no ring)
MPRegen  0.1/turn               (no ring)
                                (no ring)
                                (no ring)

@: confused, very slightly contaminated
A: almost no armour, stealthy swim, amphibious, 8 rings, constrict 8, camouflage
1, gelatinous body 1
a: no special abilities


You were on level 2 of the Dungeon.
You were not hungry.

You visited 1 branch of the dungeon, and saw 2 of its levels.

You collected 43 gold pieces.

Inventory:

Missiles
 b - 108 stones (quivered)
Jewellery
 h - an uncursed amulet of faith
Scrolls
 e - a scroll of identify {unknown}
 f - a scroll of fog {unknown}
Potions
 g - a potion of degeneration {unknown}
Books
 d - a book of Geomancy

   Spells                             Type                      Level
   a - Sandblast                      Earth                        1
   b - Passwall                       Transmutation/Earth          2
   c - Stone Arrow                    Conjuration/Earth            3
   d - Petrify                        Transmutation/Earth          4
   e - Lee's Rapid Deconstruction     Earth                        5
Comestibles
 a - a royal jelly
 c - 2 bread rations
 i - a meat ration


   Skills:
 + Level 0.0 Fighting
 + Level 2.2 Dodging
 + Level 2.9 Stealth
 + Level 0.0 Unarmed Combat
 * Level 2.4 Spellcasting
   Level 1.0 Transmutations
 * Level 3.7 Earth Magic


You had 5 spell levels left.
You knew the following spells:

 Your Spells              Type           Power        Failure   Level  Hunger
a - Sandblast             Erth           ###...       3%          1    #......


Dungeon Overview and Level Annotations

Branches:
Dungeon (2/15)

Altars:

Annotations:
D:2 Sigmund


Innate Abilities, Weirdness & Mutations

You cannot wear most types of armour.
You are very stealthy in the water. (Stealth+)
You are amphibious.
You can wear up to eight rings at the same time.
You can use your tentacles to constrict eight enemies at once.
Your skin changes colour to match your surroundings (Stealth+).
Your rubbery body absorbs attacks. (AC +1, EV +1)


Message History

You're too confused!
Unknown command.
You're too confused to move!
The bat barely misses you. The ball python barely misses you.
The ball python closely misses you.
Sigmund giggles. "Time to reap what you sow."
The bat barely misses you.
You're too confused to move!
The bat closely misses you. The ball python closely misses you.
The ball python grabs you. The ball python constricts you.
Sigmund hits you from afar with a scythe!
Ouch! That really hurt!
* * * LOW HITPOINT WARNING * * *
You escape the ball python's grasp.
The bat closely misses you.
You barely miss Sigmund.
Sigmund is severely wounded.
The bat hits you.
* * * LOW HITPOINT WARNING * * *
The leopard gecko closely misses you. Sigmund hits you with a scythe!
Ouch! That really hurt!
You die...

##.........##...##
...........#.....##
.##.....(..........#
#................#
##.......#.......#
##.....#.......##
#..............#
#....###..S@...#
...#...# #.b@....#
.....### ##.l...##
...## #......... ..#
#..>...... ?#
#.........
#.........
#.......^.
#.........


You could see Sigmund, a leopard gecko, a bat and a ball python.

Vanquished Creatures
  An ooze (D:1)
  3 giant cockroaches (D:1)
  2 goblins (D:1)
  5 hobgoblins (D:1)
  6 jackals (D:1)
  5 bats (D:1)
  2 frilled lizards (D:1)
  3 rats (D:1)
27 creatures vanquished.

Notes
Turn   | Place    | Note
-------+----------+-------------------------------------------
     0 | D:1      | NullDivider the Octopode Earth Elementalist began the quest for the Orb.
     0 | D:1      | Reached XP level 1. HP: 11/11 MP: 3/3
   381 | D:1      | Reached XP level 2. HP: 13/17 MP: 5/5
  1182 | D:1      | Reached XP level 3. HP: 21/21 MP: 1/6
  1536 | D:2      | Noticed Sigmund
  1552 | D:2      | Mangled by Sigmund

Action                   || total
-------------------------++-------
Melee: Unarmed           ||    73
       Constrict         ||    13
       Tentacles         ||     7
 Cast: Sandblast         ||    19
 Stab: Sleeping          ||     3
  Eat: Chunk             ||     2
Armor: Skin              ||     6
Dodge: Dodged            ||    73
